 Seeded DCSS version 0.27.1-2-g3b301248ec (webtiles) character file.

Game seed: 4334112020812157148 (custom seed)

170 pancakes the Magician (level 5, -1/37 HPs)
             Began as a Gnoll Hedge Wizard on Sept 26, 2021.
             Was a Plaything of Xom.
             Slain by Grinder (2 damage)
             ... on level 3 of the Dungeon.
             The game lasted 00:19:16 (3076 turns).

pancakes the Magician (Gnoll Hedge Wizard)          Turns: 3076, Time: 00:19:18

Health: -1/37      AC:  2    Str: 10    XL:     5   Next: 50%
Magic:  0/14       EV: 13    Int: 20    God:    Xom [......]
Gold:   187        SH:  0    Dex: 11    Spells: 0/18 levels left

rFire    . . .     SeeInvis .   a - staff of earth
rCold    . . .     Faith    .   (no shield)
rNeg     . . .     Spirit   .   b - +0 robe
rPois    .         Reflect  .   c - +0 hat
rElec    .         Harm     .   (no cloak)
rCorr    .         Rampage  .   (no gloves)
Will     .....                  (no boots)
Stlth    ++........             (no amulet)
HPRegen  0.12/turn              u - +6 ring of intelligence
MPRegen  0.14/turn              (no ring)

@: no status effects
A: fangs 1, strong nose, distributed training
a: Renounce Religion


You were on level 3 of the Dungeon.
You worshipped Xom.
You were a very special plaything of Xom.
You visited 1 branch of the dungeon, and saw 3 of its levels.

You collected 187 gold pieces.

Inventory:

Hand Weapons
 d - a +0 dagger
 l - a +0 hand axe
 s - a +0 fustibalus
Missiles
 f - 53 sling bullets
 g - 12 poisoned darts (quivered)
 h - 62 bolts
 i - 73 stones
 o - 45 arrows
Armour
 b - a +0 robe (worn)
 c - a +0 hat (worn)
Magical Staves
 a - a staff of earth (weapon)
Jewellery
 q - an amulet of guardian spirit
 u - a +6 ring of intelligence (left hand)
 v - a +4 ring of protection
Scrolls
 e - 3 scrolls of enchant weapon {unknown}
 j - a scroll of holy word {unknown}
 k - 2 scrolls of identify {unknown}
 m - a scroll of noise {unknown}
 r - 3 scrolls of amnesia {unknown}
 t - a scroll of immolation {unknown}
Potions
 n - a potion of lignification {unknown}
 p - a potion of brilliance {unknown}


   Skills:
 + Level 1.5 Fighting
 + Level 1.5 Short Blades
 + Level 1.5 Long Blades
 + Level 1.5 Axes
 + Level 1.5 Maces & Flails
 + Level 1.5 Polearms
 + Level 1.5 Staves
 + Level 1.5 Slings
 + Level 1.5 Bows
 + Level 1.5 Crossbows
 + Level 1.5 Throwing
 + Level 1.5 Armour
 + Level 4.8 Dodging
 + Level 4.4 Stealth
 + Level 1.5 Shields
 + Level 1.5 Unarmed Combat
 + Level 7.3 Spellcasting
 + Level 2.4 Conjurations
 + Level 1.2 Hexes
 + Level 2.4 Summonings
 + Level 1.2 Necromancy
 + Level 2.4 Translocations
 + Level 1.2 Transmutations
 + Level 1.2 Fire Magic
 + Level 1.2 Ice Magic
 + Level 1.2 Air Magic
 + Level 1.2 Earth Magic
 + Level 1.2 Poison Magic
 + Level 1.7 Invocations
 + Level 1.5 Evocations


You couldn't memorise any spells.
You knew the following spells:

 Your Spells              Type           Power      Damage    Failure   Level
b - Blink                 Tloc           N/A        N/A       4%          2
d - Mephitic Cloud        Conj/Pois/Air  13%        N/A       14%         3
e - Conjure Flame         Conj/Fire      14%        6-21      13%         3
f - Corona                Hex            13%        N/A       5%          1
n - Call Imp              Summ           17%        N/A       4%          2
r - Fireball              Conj/Fire      7%         3d5       77%         5
s - Magic Dart            Conj           68%        1d6       3%          1
y - Apportation           Tloc           34%        N/A       3%          1

Your spell library contained the following spells:

 Spells                   Type           Power      Damage    Failure   Level
 Summon Small Mammal      Summ           68%        N/A       3%          1
 Animate Skeleton         Necr           24%        N/A       5%          1
 Slow                     Hex            12%        N/A       9%          2
 Starburst                Conj/Fire      7%         6d4       100%        6
 Ignition                 Fire           6%         3d4       100%        8


Dungeon Overview and Level Annotations

Branches:
Dungeon (3/15)

Altars:
Vehumet
Wu Jian
Xom

Shops:
D:2 [*!*

Annotations:
D:3 Grinder


Innate Abilities, Weirdness & Mutations

You have very sharp teeth.
Your uncanny sense of smell can sniff out nearby items.
Your experience applies equally to all skills.


Message History

a - a staff of earth (weapon)
Casting: Corona (safe; 5% risk of failure)
Confirm with . or Enter, or press ? or * to list all spells.
Aiming: Corona (safe; 5% risk of failure)
Press: ? - help, Shift-Dir - straight line, f/p - Grinder
Aim: Grinder (heavily wounded, fast, ally target, chance to affect: 49%) Grinder resists with significant effort.
Grinder hits you!
You writhe in agony.
Your crimson imp blinks!
Your crimson imp hits Grinder.
Grinder hits you!
You writhe in agony.
Casting: Corona (safe; 5% risk of failure)
Confirm with . or Enter, or press ? or * to list all spells.
Aiming: Corona (safe; 5% risk of failure)
Press: ? - help, Shift-Dir - straight line, f/p - Grinder
Aim: Grinder (heavily wounded, fast, ally target, chance to affect: 49%) Grinder is outlined in light.
Grinder hits you!
* * * LOW HITPOINT WARNING * * *
Your crimson imp misses Grinder.
Your crimson imp blinks!
Press: ? - help, v - describe, . - travel
Here: Grinder (heavily wounded, fast, softly glowing, ally target)
The floor.
Unknown command.
Unknown command.
Unknown command.
Unknown command.
Unknown command.
Unknown command.
Grinder blinks!
Grinder hits you.
* * * LOW HITPOINT WARNING * * *
Your crimson imp barely misses Grinder.
Unknown command.
Casting: Corona (safe; 5% risk of failure)
Confirm with . or Enter, or press ? or * to list all spells.
A beastly little devil appears in a puff of flame.
Grinder hits you.
* * * LOW HITPOINT WARNING * * *
You writhe in agony.
You die...
Xom chuckles heartily!

####..###......#....
##.###...##...###
#.##..####...##
#.##..####.#..##
###.##)......##...
##......#####.#####
#.5##..######...###
#.#####555......##..#..##
#.......@##.###.....##..#
...(..§.##..###..##.###>.
####.........§...........
#######......#.<#.####
#...#..##...###.
#.........).....
#...#..###.....#
#..##..........#
#..##.##.##..#.#


You could see Grinder (fast, corona, ally target) and 3 friendly crimson imps.

Vanquished Creatures
  A scorpion (D:3)
  An iguana (D:3)
  An orc wizard (D:3)
  2 dart slugs
  3 orcs (D:3)
  4 ball pythons
  4 endoplasms
  A giant cockroach (D:1)
  5 hobgoblins
  4 jackals (D:1)
  A quokka (D:2)
  5 bats
  8 frilled lizards
  5 goblins
  7 kobolds
  3 rats
55 creatures vanquished.

Notes
Turn   | Place    | Note
-------+----------+-------------------------------------------
     0 | D:1      | pancakes the Gnoll Hedge Wizard began the quest for the
                  | Orb.
     0 | D:1      | Reached XP level 1. HP: 13/13 MP: 8/8
   252 | D:1      | Reached XP level 2. HP: 19/19 MP: 7/10
   339 | D:1      | Found a faded altar of an unknown god.
   346 | D:1      | Became a worshipper of Xom of Chaos
   407 | D:1      | XOM: divination: detect items
   989 | D:1      | XOM: noise
  1008 | D:1      | Reached XP level 3. HP: 25/25 MP: 9/11
  1554 | D:2      | Found an ornate altar of the Wu Jian Council.
  1673 | D:2      | Found Ane Jiaj's Antique Armour Shop.
  1689 | D:2      | Found Atykhij's General Store.
  1703 | D:2      | Found Huseug's Assorted Antiques.
  1804 | D:2      | Found Dowkaex's Distillery.
  2002 | D:2      | Learned a level 1 spell: Apportation
  2006 | D:2      | Learned a level 3 spell: Mephitic Cloud
  2010 | D:2      | Learned a level 3 spell: Conjure Flame
  2012 | D:2      | Learned a level 1 spell: Corona
  2015 | D:2      | Learned a level 2 spell: Call Imp
  2018 | D:2      | Learned a level 2 spell: Blink
  2225 | D:2      | Reached skill level 1 in Invocations
  2389 | D:3      | XOM: 1-stop teleportation journey
  2576 | D:3      | XOM: 2-stop teleportation journey
  2577 | D:3      | Reached skill level 1 in Fighting
  2577 | D:3      | Reached skill level 1 in Short Blades
  2577 | D:3      | Reached skill level 1 in Long Blades
  2577 | D:3      | Reached skill level 1 in Axes
  2577 | D:3      | Reached skill level 1 in Maces & Flails
  2577 | D:3      | Reached skill level 1 in Polearms
  2577 | D:3      | Reached skill level 1 in Staves
  2577 | D:3      | Reached skill level 1 in Slings
  2577 | D:3      | Reached skill level 1 in Bows
  2577 | D:3      | Reached skill level 1 in Crossbows
  2577 | D:3      | Reached skill level 1 in Throwing
  2577 | D:3      | Reached skill level 1 in Armour
  2577 | D:3      | Reached skill level 1 in Shields
  2577 | D:3      | Reached skill level 1 in Unarmed Combat
  2577 | D:3      | Reached skill level 1 in Evocations
  2577 | D:3      | Reached XP level 4. HP: 19/32 MP: 4/13
  2698 | D:3      | Found a radiant altar of Vehumet.
  2714 | D:3      | Noticed a scorpion
  2719 | D:3      | XOM: divination: magic mapping
  2732 | D:3      | XOM: potion effect (haste)
  2733 | D:3      | XOM: silly message
  2738 | D:3      | Reached skill level 1 in Hexes
  2738 | D:3      | Reached skill level 1 in Necromancy
  2738 | D:3      | Reached skill level 1 in Transmutations
  2738 | D:3      | Reached skill level 1 in Fire Magic
  2738 | D:3      | Reached skill level 1 in Ice Magic
  2738 | D:3      | Reached skill level 1 in Air Magic
  2738 | D:3      | Reached skill level 1 in Earth Magic
  2738 | D:3      | Reached skill level 1 in Poison Magic
  2738 | D:3      | Killed a scorpion
  2739 | D:3      | Reached XP level 5. HP: 29/37 MP: 7/14
  2888 | D:3      | Learned a level 5 spell: Fireball
  3047 | D:3      | XOM: silly message
  3051 | D:3      | Noticed Grinder
  3064 | D:3      | XOM: divination: detect creatures
  3076 | D:3      | HP: 1/37 [Grinder (4)]
  3076 | D:3      | Slain by Grinder

Illustrated notes

Levels and vault maps discovered:
D:1:      dpeg_arrival_refuge, layout_basic, chequers_ecumenical_altar_twisty
D:2:      layout_loops_ring, basic_altar, serial_shops, shop_fountains, shop,
          shop, nicolae_square_shop
D:3:      kennysheep_big_flooded_room, layout_rooms, nicolae_vehumet_radiance,
          uniq_grinder

Skill      XL: |  1  2  3  4 |
---------------+-------------+-----
Conjurations   | 2 |  2.4
Summonings     | 2 |  2.4
Translocations | 2 |  2.4
Invocations    | 1 |  1.7
Fighting       | 1 |  1.5
Short Blades   | 1 |  1.5
Long Blades    | 1 |  1.5
Axes           | 1 |  1.5
Maces & Flails | 1 |  1.5
Polearms       | 1 |  1.5
Staves         | 1 |  1.5
Slings         | 1 |  1.5
Bows           | 1 |  1.5
Crossbows      | 1 |  1.5
Throwing       | 1 |  1.5
Armour         | 1 |  1.5
Shields        | 1 |  1.5
Unarmed Combat | 1 |  1.5
Evocations     | 1 |  1.5
Hexes          | 1 |  1.2
Necromancy     | 1 |  1.2
Transmutations | 1 |  1.2
Fire Magic     | 1 |  1.2
Ice Magic      | 1 |  1.2
Air Magic      | 1 |  1.2
Earth Magic    | 1 |  1.2
Poison Magic   | 1 |  1.2
Dodging        | |  4.8
Stealth        | |  4.4
Spellcasting   | |  7.3

Action                   |  1- 3 |  4- 6 || total
-------------------------+-------+-------++-------
Melee: Staff             |    35 |    16 ||    51
       Bite              |     1 |     1 ||     2
       Dagger            |       |     1 ||     1
 Fire: Fustibalus        |       |     1 ||     1
Throw: Dart              |     5 |     9 ||    14
 Cast: Magic Dart        |    95 |    24 ||   119
       Mephitic Cloud    |     2 |     1 ||     3
       Apportation       |     1 |       ||     1
       Call Imp          |       |     6 ||     6
       Corona            |       |     3 ||     3
       Fireball          |       |     1 ||     1
 Stab: Sleeping          |     2 |       ||     2
       Confused          |     2 |     1 ||     3
Armor: Robe              |     9 |     1 ||    10
Dodge: Dodged            |    46 |    12 ||    58
